Map: Nightshade LE

Players

DPGCure (Cure)

  • Race: Terran Terran
  • League: Master
  • Spawn Location: 11:00

INnoVation - Winner!

  • Race: Terran Terran
  • League: Grandmaster
  • Spawn Location: 5:00

Event: Shopify TSL 5

VOD

Have the link to the VOD?

Description

Time

  • Played on: May 24, 2020, 9:04 a.m.
  • Length: 14:24

All games in this series

Show
View Real Time Build Order
Export as new Build Order

DPGCure Terran 

Build Orders:  

Get SALT Encoding   

  12  0:00  SCV  
  13  0:13  SCV  
  14  0:17  Supply Depot  
  14  0:25  SCV  
  14  0:27  Refinery  
  15  0:38  SCV  
  16  0:44  Barracks  
  16  0:50  SCV  
  16  0:53  Refinery  
  17  1:03  SCV  
  18  1:15  SCV  
  19  1:30  Orbital Command  
  19  1:32  Reaper, Factory  
  20  1:48  Supply Depot  
  20  1:56  SCV  
  21  2:04  Reaper  
  21  2:08  SCV  
  23  2:16  Hellion  
  23  2:20  SCV  
  25  2:32  SCV  
  25  2:34  Command Center  
  26  2:38  Hellion  
  28  2:44  SCV  
  28  2:48  Starport  
  29  2:54  Supply Depot  
  29  2:55  Barracks Tech Lab  
  29  2:57  SCV  
  30  3:06  Factory Tech Lab  
  30  3:09  SCV  
  31  3:21  SCV  
  31  3:22  Barracks Reactor  
  31  3:29  Cyclone  
  31  3:31  Refinery  
  31  3:33  SCV  
  35  3:36  Raven  
  37  3:45  SCV  
  37  3:47  Orbital Command  
  38  3:58  SCV  
  38  3:59  Marine x2  
  38  4:01  Siege Tank  
  43  4:10  SCV  
  43  4:13  SCV  
  43  4:14  Supply Depot  
  45  4:17  Marine x2  
  45  4:22  SCV, Raven  
  50  4:25  SCV  
  51  4:35  SCV, Marine x2  
  51  4:37  SCV  
  55  4:38  Siege Tank  
  55  4:39  Supply Depot  
  58  4:49  SCV x2  
  60  4:54  Marine x2  
  60  4:56  Supply Depot  
  62  5:01  SCV x2  
  62  5:06  Command Center  
  64  5:13  SCV  
  64  5:14  SCV  
  66  5:16  Viking x2  
  66  5:19  Supply Depot  
  70  5:25  SCV  
  70  5:26  SCV  
  70  5:27  Marine  
  73  5:28  Siege Tank  
  76  5:37  SCV, Refinery  
  76  5:38  SCV, Stimpack  
  78  5:45  Marine  
  79  5:53  SCV x2  
  79  5:56  Barracks  
  81  5:57  Starport Reactor, Barracks  
  81  6:01  Supply Depot  
  81  6:02  Supply Depot  
  82  6:07  Siege Tank  
  82  6:08  SCV  
  82  6:10  SCV  
  86  6:15  Engineering Bay x2  
  86  6:21  Orbital Command  
  86  6:22  SCV  
  86  6:23  SCV  
  88  6:29  Marine  
  89  6:35  SCV x2  
  91  6:40  Orbital Command, Siege Tank  
  91  6:41  Starport Reactor  
  91  6:43  Terran Infantry Weapons Level 1, Terran Infantry Armor Level 1  
  94  6:49  SCV x2  
  94  6:51  Marine x5  
  101  6:57  Supply Depot  
  101  6:59  Supply Depot  
  101  7:01  SCV  
  101  7:02  SCV  
  98  7:11  SCV  
  98  7:12  Marine x5  
  98  7:14  SCV x2, Siege Tank  
  106  7:17  Medivac  
  106  7:20  Medivac  
  110  7:24  Combat Shield  
  110  7:25  Barracks  
  110  7:27  Barracks  
  110  7:33  SCV x3  
  113  7:37  Armory, Refinery  
  113  7:38  Refinery  
  113  7:43  Sensor Tower  
  113  7:48  SCV x2, Marine x4  
  113  7:49  Marine  
  117  7:57  Medivac x2  
  121  8:00  Siege Tank  
  124  8:08  SCV x2  
  124  8:09  SCV  
  127  8:13  Barracks Reactor  
  127  8:14  Supply Depot, Marine x3  
  127  8:15  Supply Depot, Marine  
  131  8:20  Marine  
  131  8:21  Barracks Reactor  
  132  8:30  Sensor Tower  
  131  8:35  Supply Depot  
  131  8:38  Supply Depot  
  131  8:40  Supply Depot  
  131  8:42  Marine x5  
  131  8:43  Terran Infantry Armor Level 2, Terran Infantry Weapons Level 2, Siege Tank  
  138  8:58  Terran Vehicle Weapons Level 1  
  138  8:59  Marine x6  
  138  9:00  Marine x2  
  146  9:08  Command Center, Factory  
  146  9:11  Barracks Reactor  
  146  9:17  Marine x4  
  146  9:19  Siege Tank  
  146  9:21  Viking x2  
  153  9:36  Marine x8  
  149  9:50  Viking  
  149  9:51  Viking, Thor  
  149  9:52  Thor  
  165  9:54  Marine x8  
  165  9:58  Supply Depot  
  165  9:59  Supply Depot  
  173  10:03  Marine x2  
  170  10:12  Marine x8  
  155  10:20  Medivac  
  146  10:21  Marine x2  
  146  10:25  SCV x3  
  146  10:27  Viking  
  153  10:30  Marine  
  154  10:36  Marine x2  
  154  10:37  Marine x3  
  154  10:40  Refinery  
  158  10:44  Refinery  
  158  10:46  SCV  
  158  10:47  SCV x2  
  158  10:48  Marine x5, Sensor Tower  
  166  10:54  Marine  
  164  11:06  Medivac  
  164  11:07  Medivac, Siege Tank x2  
  164  11:09  Marine x4  
  164  11:11  Planetary Fortress  
  166  11:18  Terran Infantry Weapons Level 3  
  166  11:21  Terran Infantry Armor Level 3  
  166  11:24  Marine  
  166  11:25  Sensor Tower  
  167  11:32  Marine x4  
  167  11:33  Marine x4  
  167  11:39  Marine  
  176  11:41  Marine  
  176  11:42  Medivac  
  176  11:43  Medivac  
  179  11:50  Marine x2  
  181  11:56  Siege Tank x2  
  181  11:57  Terran Vehicle Weapons Level 2  
  181  12:02  Marine x6  
  184  12:08  Marine x2  
  184  12:09  Marine x2  
  188  12:19  Marine x2  
  188  12:20  Marine x4  
  188  12:21  Viking x2  
  198  12:26  Marine x2  
  191  12:33  Siege Tank x2  
  197  12:43  Marine x6  
  182  12:44  Marine x4  
  182  12:51  Viking x2  
  155  12:58  Command Center  
  155  13:01  Marine x6  
  155  13:04  Marine x4  
  161  13:09  SCV x3  
  164  13:19  Marine x3  
  167  13:26  Siege Tank x2  
  168  13:34  Marine x3  
  168  13:35  Orbital Command  
  168  13:37  Medivac x2  
  168  13:39  Marine  
  174  13:52  Marine x6  
  177  14:06  Marine x4  
Show
View Real Time Build Order
Export as new Build Order

INnoVation Terran - Winner!

Build Orders: Reaper Expand 

Get SALT Encoding   

  12  0:00  SCV  
  13  0:12  SCV  
  14  0:16  Supply Depot  
  14  0:25  SCV  
  15  0:38  SCV  
  15  0:39  Barracks  
  15  0:42  Refinery  
  16  0:50  SCV  
  17  1:02  SCV  
  18  1:14  SCV  
  19  1:26  Reaper, Orbital Command  
  20  1:40  Command Center  
  20  1:50  Supply Depot  
  20  1:52  SCV  
  21  1:57  Marine  
  22  2:04  SCV  
  23  2:08  Factory  
  23  2:13  Refinery  
  23  2:15  Marine  
  23  2:19  SCV  
  25  2:25  Bunker  
  25  2:31  SCV  
  25  2:33  Marine  
  27  2:44  SCV  
  28  2:52  Barracks Reactor, Hellion  
  28  2:53  Orbital Command  
  28  2:56  SCV  
  31  3:03  Starport  
  31  3:09  SCV  
  32  3:13  Factory Tech Lab  
  32  3:17  Refinery  
  32  3:19  SCV  
  33  3:21  SCV  
  33  3:31  Marine x2  
  33  3:33  SCV x2  
  37  3:35  Supply Depot  
  37  3:41  Factory Tech Lab  
  37  3:45  Raven  
  37  3:46  SCV x2  
  41  3:49  Marine x2  
  43  3:58  SCV x2  
  43  4:01  Cyclone  
  48  4:04  Supply Depot  
  48  4:05  Supply Depot  
  48  4:07  Marine x2  
  50  4:10  SCV x2  
  52  4:22  SCV x2  
  54  4:26  Command Center  
  54  4:30  Raven  
  56  4:34  SCV  
  56  4:35  SCV  
  56  4:38  Siege Tank  
  61  4:42  Supply Depot  
  61  4:44  Marine x2  
  61  4:46  Refinery  
  61  4:48  SCV  
  61  4:49  SCV  
  63  5:00  SCV  
  63  5:01  SCV  
  63  5:04  Supply Depot  
  67  5:10  Siege Tank  
  67  5:13  SCV x2  
  70  5:17  Stimpack, Marine  
  70  5:20  Viking x2  
  70  5:21  Barracks  
  75  5:25  SCV x2  
  75  5:27  Barracks  
  77  5:37  SCV x2  
  77  5:38  Orbital Command  
  77  5:42  Engineering Bay x2  
  79  5:49  SCV x2  
  81  5:51  Viking  
  81  5:54  Viking  
  85  5:59  Siege Tank  
  88  6:04  Orbital Command  
  88  6:05  SCV x2, Supply Depot  
  90  6:13  Terran Infantry Weapons Level 1, Terran Infantry Armor Level 1  
  90  6:15  Barracks Reactor x2  
  91  6:18  SCV x2  
  91  6:25  Barracks  
  92  6:26  Barracks  
  92  6:31  Viking  
  92  6:32  Viking  
  96  6:36  SCV x3  
  99  6:42  Supply Depot  
  99  6:43  Supply Depot  
  99  6:45  Siege Tank  
  102  6:50  SCV x3  
  105  6:55  Supply Depot  
  105  6:56  Combat Shield, Marine x4  
  109  7:02  Refinery  
  109  7:04  Medivac x2, Refinery, Marine  
  113  7:10  SCV x2  
  113  7:11  SCV  
  109  7:16  Barracks Reactor x2, Marine x3  
  109  7:17  Marine  
  109  7:21  Marine  
  114  7:22  SCV  
  114  7:23  SCV x2  
  116  7:31  Armory, Siege Tank  
  116  7:34  Marine x4  
  116  7:35  SCV x2  
  116  7:36  Supply Depot  
  125  7:38  Supply Depot  
  125  7:43  Supply Depot  
  125  7:46  Sensor Tower  
  125  7:56  Supply Depot  
  125  7:58  Medivac x2, Marine x4  
  133  8:00  SCV, Marine x5  
  133  8:04  Siege Tank  
  142  8:14  Command Center  
  142  8:20  Terran Infantry Armor Level 2, Terran Infantry Weapons Level 2  
  142  8:21  Marine  
  142  8:22  Marine  
  142  8:23  Marine  
  145  8:29  Marine x4  
  145  8:30  Barracks Reactor  
  149  8:37  Siege Tank  
  149  8:38  Viking x2  
  156  8:43  Supply Depot  
  156  8:45  Marine  
  157  8:50  Terran Vehicle Weapons Level 1  
  157  8:51  Supply Depot  
  157  9:05  Marine x8  
  165  9:12  Supply Depot, Liberator x2  
  165  9:13  Supply Depot  
  169  9:17  Factory  
  169  9:20  SCV x2  
  169  9:21  SCV  
  169  9:22  Marine  
  173  9:25  Marine x4  
  173  9:26  Siege Tank  
  173  9:27  Supply Depot  
  175  9:39  Marine x2  
  175  9:40  Planetary Fortress, Marine x4  
  175  9:41  SCV  
  175  9:42  SCV x2  
  175  9:44  Marine x4  
  188  9:47  Refinery  
  188  9:48  Refinery  
  186  9:56  Viking x2  
  186  9:57  Marine x5  
  186  9:58  Marine  
  196  10:01  Marine  
  196  10:02  Marine  
  198  10:11  Marine  
  198  10:12  Marine  
  180  10:15  Marine x5  
  180  10:16  Marine  
  180  10:17  Siege Tank x2  
  180  10:19  Marine x2  
  190  10:29  Viking x2  
  194  10:37  Terran Infantry Weapons Level 3, Terran Infantry Armor Level 3  
  194  10:39  Marine  
  194  10:40  Marine x3  
  194  10:42  Marine x2, Starport x2  
  199  10:49  Sensor Tower  
  197  10:58  Siege Tank  
  192  11:05  Viking x2  
  192  11:09  Siege Tank  
  196  11:16  Terran Vehicle Weapons Level 2  
  196  11:18  Starport Tech Lab x2  
  196  11:19  Marine x3  
  196  11:20  Marine  
  196  11:24  Barracks  
  196  11:25  Barracks  
  199  11:44  Command Center  
  199  11:45  Siege Tank x2  
  196  11:53  Corvid Reactor  
  196  11:54  Raven x2  
  200  12:10  Command Center x2  
  200  12:12  Barracks Reactor x2  
  200  12:42  Marine x8, Siege Tank x2  
  200  12:43  Marine x2  
  198  12:49  Raven x2  
  198  12:50  Viking x2  
  174  12:52  Marine x4  
  174  12:57  Planetary Fortress  
  178  13:00  Marine x4  
  178  13:03  Marine x6  
  188  13:09  Marine  
  188  13:10  Marine x3  
  192  13:14  Siege Tank x2  
  192  13:18  Marine x2  
  200  13:31  Marine  
  200  13:34  Marine x4  
  193  13:36  Raven  
  193  13:38  Marine  
  200  13:46  Orbital Command x2  
  200  14:01  Marine  
Tags
 
Add a new tag
Caveats
  • Supply blocks, unpowered buildings, or Contaminate may cause inaccurate times.
  • Supply counts are checked every 10 seconds.